 Dungeon Crawl Stone Soup version 0.24-a0-498-ge00f04a389 (webtiles) character file.

Game seed: 4173553192907781226

7129 DasRunzen the Commander (level 10, -3/80 HPs)
             Began as a Demonspawn Fighter on July 14, 2019.
             Was a High Priest of Okawaru.
             Slain by a necrophage (5 damage)
             ... on level 8 of the Dungeon.
             The game lasted 00:20:18 (7850 turns).

DasRunzen the Commander (Demonspawn Fighter)        Turns: 7850, Time: 00:20:19

Health: -3/80      AC: 13    Str: 20    XL:     10   Next: 85%
Magic:  16/17      EV:  9    Int:  9    God:    Okawaru [*****.]
Gold:   203        SH:  6    Dex: 14    Spells: 9/9 levels left

rFire    . . .     SeeInvis +   s - +4 glaive of Vedoc {vamp, Str+2 Stlth+}
rCold    . . .     Gourm    .   (shield currently unavailable)
rNeg     + . .     Faith    .   b - +0 scale mail
rPois    +         Spirit   .   z - +0 hat
rElec    .         Reflect  .   q - +2 ratskin cloak {+Rats rPois rN+ Str-1 Int-1 Dex+1}
rCorr    .         Harm     .   i - +1 pair of gloves
MR       .....     Clarity  +   (no boots)
Stlth    +.........             (no amulet)
HPRegen  0.23/turn              r - ring of flight
MPRegen  0.15/turn              l - ring of see invisible

@: no status effects
A: claws 2, horns 1, large bone plates 2, clarity, sense surroundings 1, powered
by death 1, rot immunity
a: Heroism, Finesse, Renounce Religion, Evoke Ratskin, Evoke Flight


You were on level 8 of the Dungeon.
You worshipped Okawaru.
Okawaru was extremely pleased with you.
You were hungry.

You visited 1 branch of the dungeon, and saw 9 of its levels.

You collected 410 gold pieces.
You spent 207 gold pieces at shops.

Inventory:

Hand Weapons
 a - a +0 trident of electrocution
 s - the +4 glaive of Vedoc (weapon) {vamp, Str+2 Stlth+}
   (You bought it in a shop on level 5 of the Dungeon)

   It inflicts no extra harm, but heals its wielder when it wounds a living foe.
   It affects your strength (+2).
   It makes you more stealthy.
Armour
 b - a +0 scale mail (worn)
 c - a +0 shield
 i - a +1 pair of gloves (worn)
 p - a +2 cloak of magic resistance
 q - the +2 ratskin cloak (worn) {+Rats rPois rN+ Str-1 Int-1 Dex+1}
   (You found it on level 5 of the Dungeon)

   It affects your strength (-1).
   It affects your intelligence (-1).
   It affects your dexterity (+1).
   It protects you from poison.
   It protects you from negative energy.
 z - a +0 hat (worn)
Jewellery
 e - an uncursed ring of ice
 g - an uncursed ring of fire
 h - an uncursed ring of ice
 l - a ring of see invisible (right hand)
 m - an uncursed ring of fire
 r - a ring of flight (left hand)
 C - an uncursed amulet of the acrobat {unknown}
 D - an uncursed amulet of rage {unknown}
Wands
 w - a wand of random effects (19)
 A - a wand of scattershot (8)
Scrolls
 o - 4 scrolls of remove curse
 v - a scroll of fog
 x - a scroll of teleportation
 y - 2 scrolls of magic mapping {unknown}
Potions
 d - 3 potions of might
 j - a potion of curing
 k - 2 potions of magic
 n - 4 potions of brilliance
 t - 3 potions of heal wounds
 u - a potion of agility
Comestibles
 f - 15 rations


   Skills:
 + Level 8.2 Fighting
 + Level 7.1 Polearms
 + Level 7.5 Armour
 + Level 7.4 Shields
 + Level 9.3 Invocations


You had 9 spell levels left.
You didn't know any spells.
Your spell library contained the following spells:

 Spells                   Type           Power        Failure   Level  Hunger
 Beastly Appendage        Tmut           #.....       71%         1    ##.....
 Sticks to Snakes         Tmut           #.......     83%         2    ###....
 Spider Form              Tmut/Pois      #.........   97%         3    ####...
 Ice Form                 Ice/Tmut       #.......     100%        4    #####..
 Blade Hands              Tmut           #.........   100%        5    ######.


Dungeon Overview and Level Annotations

Branches:
Dungeon (9/15)             Temple (0/1) D:7
   Lair: D:8-11         Orc: D:9-12

Altars:
Ashenzari
Dithmenos
Fedhas
Gozag
Hepliaklqana
Okawaru
Qazlal
Trog
Uskayaw
Yredelemnul
Zin
The Shining One

Shops:
D:2 *   D:4 !   D:5 !}*(


Innate Abilities, Weirdness & Mutations

You have very sharp fingernails.
You are mostly covered in large bone plates. (SH +6)
You regenerate a little health from kills.
You are immune to rotting.
You have a pair of small horns on your head.
You possess an exceptional clarity of mind.
You passively map a small area around you.


Message History

You block the necrophage's attack.
The orc warrior hits you with a +0 morningstar!
You are too injured to fight recklessly!
You are too injured to fight recklessly!
You closely miss the orc warrior. Your headbutt misses the orc warrior.
The orc warrior is moderately wounded.
The necrophage hits you.
The orc warrior hits you with a +0 morningstar!
* * * LOW HITPOINT WARNING * * *
The necrophage barely misses you.
You slash the orc warrior!
You feel better.
You headbutt the orc warrior.
The orc warrior is almost dead.
The orc warrior hits you with a +0 morningstar!
* * * LOW HITPOINT WARNING * * *
You block the necrophage's attack.
You slash the orc warrior!
You kill the orc warrior!
Okawaru accepts your kill. The necrophage hits you.
You die...

#.....# ###..<.## #.# ##....####
####..### #.#
#).#.....#######...#### #.#
#)##............##....## #.#
..##..#......<...####..# #†#
#....#..#.........####.## #.#
#.#.....................## #.#
#.#..##.##.##.......#....###.#
#.#..##.##[##..)@.#..##......#
..#..............n##.##..##..#
.##......#.##.....##...#.##..####
..##.......##.#...####....##....#
#.###.............# ##.#..#.....
#...######.##.#..(# #.##..)....
###........##..#.## #.###......
########.......# #.# #......
###..........# #.# ##.....


You could see a necrophage.

Vanquished Creatures
  2 two-headed ogres (D:8)
  A centaur zombie (D:7)
  A troll (D:8)
  A hornet (D:9)
  Prince Ribbit (D:6)
  Grinder (D:3)
  A spriggan (D:7)
  Eustachio (D:6)
  A hungry ghost (D:8)
  3 sky beasts
  2 ice beasts
  3 orc warriors
  5 ogres
  5 centaurs
  A big kobold (D:7)
  5 bullfrogs
  13 killer bees
  6 scorpions
  5 wights (D:8)
  3 howler monkeys (D:7)
  A gnoll shaman (D:9)
  4 hounds
  2 bullfrog skeletons
  2 orc priests
  Crazy Yiuf (D:3)
  A jelly (D:8)
  4 orc wizards
  A centaur skeleton (D:9)
  4 iguanas
  A hell rat (D:5)
  Natasha (D:4)
  4 worker ants
  A hound zombie (D:6)
  A hound skeleton (D:7)
  A worker ant zombie (D:8)
  6 river rats (D:5)
  14 adders
  6 gnolls
  A shadow imp (D:8)
  2 oozes
  An adder zombie (D:9)
  A worm (D:2)
  3 dart slugs (D:1)
  7 leopard geckos
  27 orcs
  2 ball pythons
  9 giant cockroaches
  2 gnoll zombies (D:7)
  6 goblins
  7 hobgoblins
  7 jackals
  14 kobolds
  A quokka (D:2)
  8 bats
  2 frilled lizards
  A leopard gecko skeleton (D:8)
  A quokka zombie (D:5)
  25 rats
243 creatures vanquished.

Vanquished Creatures (others)
  An orc wizard (D:4)
  An orc (D:7)
2 creatures vanquished.

Grand Total: 245 creatures vanquished

Notes
Turn   | Place    | Note
-------+----------+-------------------------------------------
     0 | D:1      | DasRunzen the Demonspawn Fighter began the quest for the
                  | Orb.
     0 | D:1      | Reached XP level 1. HP: 18/18 MP: 1/1
   254 | D:1      | Gained mutation: You regenerate a little health from kills.
                  | [demonic ancestry]
   254 | D:1      | Reached XP level 2. HP: 22/24 MP: 2/2
   741 | D:2      | Gained mutation: You are partially covered in large bone
                  | plates. (SH +4) [demonic ancestry]
   741 | D:2      | Reached XP level 3. HP: 29/29 MP: 3/3
   783 | D:2      | Gained mutation: You have sharp fingernails. [demonic
                  | ancestry]
   783 | D:2      | Reached XP level 4. HP: 25/35 MP: 4/4
   868 | D:2      | Found Zin's Purification Station.
   873 | D:2      | Found a glowing silver altar of Zin.
  1354 | D:2      | Gained mutation: You possess an exceptional clarity of
                  | mind. [potion of mutation]
  1354 | D:2      | Gained mutation: You passively map a small area around you.
                  | [potion of mutation]
  1354 | D:2      | Gained mutation: You have a pair of small horns on your
                  | head. [potion of mutation]
  1451 | D:3      | Gained mutation: You are mostly covered in large bone
                  | plates. (SH +6) [demonic ancestry]
  1451 | D:3      | Reached XP level 5. HP: 42/42 MP: 5/5
  1458 | D:3      | Found an iron altar of Okawaru.
  1466 | D:3      | Became a worshipper of Warmaster Okawaru
  1590 | D:3      | Reached skill level 1 in Invocations
  1688 | D:3      | Found a hide-covered altar of Uskayaw.
  1810 | D:3      | Noticed Grinder
  1813 | D:3      | Paralysed by Grinder for 2 turns
  1825 | D:3      | Paralysed by Grinder for 6 turns
  1835 | D:3      | Paralysed by Grinder for 2 turns
  1843 | D:3      | Killed Grinder
  1843 | D:3      | Reached * piety under Okawaru
  1843 | D:3      | Reached skill level 2 in Invocations
  1843 | D:3      | Gained mutation: You have very sharp fingernails. [demonic
                  | ancestry]
  1843 | D:3      | Reached XP level 6. HP: 28/49 MP: 7/7
  1872 | D:3      | Found a stormy altar of Qazlal.
  1901 | D:3      | Found a runed translucent door.
  1902 | D:3      | Noticed Crazy Yiuf
  1913 | D:3      | Killed Crazy Yiuf
  2181 | D:4      | Found a glowing golden altar of the Shining One.
  2227 | D:4      | Found Xeogullu's Distillery.
  2267 | D:4      | Found a glowing golden altar of the Shining One.
  2267 | D:4      | Found a shadowy altar of Dithmenos.
  2272 | D:4      | Found a faded altar of an unknown god.
  2274 | D:4      | Found a hazy altar of Hepliaklqana.
  2276 | D:4      | Found a bloodstained altar of Trog.
  2368 | D:4      | Reached skill level 3 in Invocations
  2368 | D:4      | Gained mutation: You are immune to rotting. [demonic
                  | ancestry]
  2368 | D:4      | Reached XP level 7. HP: 50/55 MP: 9/9
  2814 | D:4      | Noticed Natasha
  2817 | D:4      | Killed Natasha
  2991 | D:5      | Entered Level 5 of the Dungeon
  3110 | D:5      | Reached ** piety under Okawaru
  3121 | D:5      | Found Roax Tau's Gadget Boutique.
  3133 | D:5      | Reached skill level 5 in Fighting
  3157 | D:5      | Found Aninuuczu's Distillery.
  3367 | D:5      | Reached skill level 4 in Invocations
  3441 | D:5      | Found the +2 ratskin cloak {+Rats rPois rN+ Str-1 Int-1
                  | Dex+1}
  3534 | D:5      | Found Porutza's Assorted Antiques.
  3682 | D:5      | Found Muceopt's Antique Weapon Shop.
  3686 | D:5      | Bought a crude glaive for 207 gold pieces
  3691 | D:5      | Identified the +4 glaive of Vedoc {vamp, Str+2 Stlth+} (You
                  | bought it in a shop on level 5 of the Dungeon)
  3700 | D:5      | Found an opulent altar of Gozag.
  3933 | D:6      | Found a blossoming altar of Fedhas.
  3956 | D:6      | Reached XP level 8. HP: 62/62 MP: 11/11
  4106 | D:6      | Found a shattered altar of Ashenzari.
  4191 | D:6      | Noticed Prince Ribbit
  4198 | D:6      | Killed Prince Ribbit
  4198 | D:6      | Reached skill level 5 in Armour
  4198 | D:6      | Reached skill level 5 in Shields
  4198 | D:6      | Reached skill level 5 in Invocations
  4215 | D:6      | Reached *** piety under Okawaru
  4382 | D:6      | Noticed Eustachio
  4429 | D:6      | Killed Eustachio
  4429 | D:6      | Reached skill level 5 in Polearms
  4760 | D:6      | Reached skill level 6 in Invocations
  4760 | D:6      | Reached XP level 9. HP: 31/69 MP: 13/13
  5038 | D:6      | Reached **** piety under Okawaru
  5271 | D:7      | Found a staircase to the Ecumenical Temple.
  5993 | D:7      | Reached skill level 7 in Invocations
  6158 | D:7      | Found a basalt altar of Yredelemnul.
  6197 | D:7      | Received a gift from Okawaru
  6784 | D:8      | Reached XP level 10. HP: 79/79 MP: 15/15
  6864 | D:8      | Received a gift from Okawaru
  6883 | D:8      | Noticed a two-headed ogre
  6891 | D:8      | Killed a two-headed ogre
  6891 | D:8      | Reached ***** piety under Okawaru
  6891 | D:8      | Reached skill level 8 in Invocations
  7126 | D:8      | Noticed a two-headed ogre
  7133 | D:8      | Killed a two-headed ogre
  7457 | D:8      | Reached skill level 9 in Invocations
  7849 | D:8      | HP: 2/80 [orc warrior/+0 morningstar (16)]
  7850 | D:8      | Slain by a necrophage

Levels and vault maps discovered:
D:1:      dpeg_arrival_arbitrary_c, layout_basic
D:2:      minmay_chambers_of_ones, layout_basic, zin_purify, minmay_pentomino_x2
D:3:      layout_rooms, eat_drink_and_be_merry_uskayaw,
          nicolae_overflow_hidden_temple, overflow_temple_1_default,
          uniq_grinder, uniq_crazy_yiuf_cottage
D:4:      layout_loops_corners, chequers_temple_overflow_minitemple,
          serial_shops, nicolae_shop_crystal, tso_metal_star, uniq_natasha
D:5:      wander_guarded_unrand_ratskin, layout_basic,
          nicolae_gozag_cash_rules_everything_around_me, first_ration,
          serial_shops, shop_fountains,
          nicolae_shop_temple_entry_statues_fountains, shop, nicolae_shop_stone
D:6:      layout_loops_corners, fedhas_altar_2, nicolae_overflow_crystal_walls,
          grunt_ministairs_15, minivault_11, uniq_eustachio, uniq_prince_ribbit1
D:7:      layout_basic, lemuel_zombie_altar_yredelemnul,
          minmay_temple_entry_trees, the_bakery
D:8:      layout_rooms, hangedman_abyss_or_decor_lesser_grid
D:9:      layout_cave_pools, kennysheep_little_box, biasface_ghost_orc_armoury

Skill      XL: |  1  2  3  4  5  6  7  8  9 10 |
---------------+-------------------------------+-----
Polearms       | 2 3 4 5 6 7 |  7.1
Armour         | 3 4 5 6 7 |  7.5
Shields        | 3 4 5 6 7 |  7.4
Fighting       | 4 5 6 7 8 |  8.2
Invocations    | 2 3 4 6 7 9 |  9.3

Action                   |  1- 3 |  4- 6 |  7- 9 | 10-12 || total
-------------------------+-------+-------+-------+-------++-------
Melee: Trident           |   109 |   254 |   197 |       ||   560
       Headbutt          |       |    22 |    76 |    24 ||   122
       Glaive            |       |       |   269 |   163 ||   432
Invok: Heroism           |       |       |     1 |     1 ||     2
  Use: Scroll            |     3 |     4 |     4 |     4 ||    15
       Potion            |       |     1 |       |       ||     1
  Eat: Chunk             |       |     5 |    14 |     3 ||    22
       Ration            |       |       |       |     1 ||     1
Armor: Scale mail        |    50 |    74 |   252 |   126 ||   502
Dodge: Dodged            |    29 |    39 |   225 |    84 ||   377
Block: Shield            |    67 |   143 |   118 |       ||   328
       Other             |       |       |   146 |    67 ||   213

Table legend:
 A = Non-vault XP
 B = Vault XP
 C = Vault XP percentage of total XP
 D = Non-vault monster count
 E = Vault monster count
 F = Vault count percentage of total count
                 A         B        C        D         E       F
            +---------+---------+-------+---------+---------+-------
      Total |    8810 |    1375 |  13.5 |     206 |      38 |  15.6
            +---------+---------+-------+---------+---------+-------
        D:1 |      35 |       0 |   0.0 |      17 |       0 |   0.0
        D:2 |     108 |      25 |  18.8 |      27 |       7 |  20.6
        D:3 |     168 |     302 |  64.3 |      33 |       2 |   5.7
        D:4 |     357 |      33 |   8.5 |      16 |       1 |   5.9
        D:5 |     167 |     129 |  43.6 |       6 |      21 |  77.8
        D:6 |    1153 |     663 |  36.5 |      21 |       4 |  16.0
        D:7 |    2013 |     223 |  10.0 |      35 |       3 |   7.9
        D:8 |    4112 |       0 |   0.0 |      35 |       0 |   0.0
        D:9 |     697 |       0 |   0.0 |      16 |       0 |   0.0
            +---------+---------+-------+---------+---------+-------
